 Dungeon Crawl Stone Soup version 0.28-a0-1339-ga5422284a4 (webtiles) character file.

Game seed: 6069860818583206072

186 bande the Skirmisher (level 5, -2/33 HPs)
             Began as a Gargoyle Fighter on Dec 28, 2021.
             Was an Initiate of Okawaru.
             Slain by a gnoll (7 damage)
             ... on level 4 of the Dungeon.
             The game lasted 00:04:24 (3142 turns).

bande the Skirmisher (Gargoyle Fighter)             Turns: 3142, Time: 00:04:24

Health: -2/33      AC: 14    Str: 20    XL:     5   Next: 66%
Magic:  5/5        EV:  7    Int:  8    God:    Okawaru [......]
Gold:   113        SH:  4    Dex: 11    Spells: 4/4 levels left

rFire   + . .      SeeInvis .   j - +7 broad axe "Padol" {freeze, rN++ Stlth+}
rCold   . . .      Faith    .   c - +0 buckler
rNeg    + + +      Spirit   .   n - +0 chain mail
rPois   ∞          Reflect  .   k - +0 helmet
rElec   +          Harm     .   (no cloak)
rCorr   .          Rampage  .   (no gloves)
Will    +....                   (no boots)
Stlth   ..........              (no amulet)
HPRegen 0.11/turn               f - ring of protection from fire
MPRegen 0.09/turn               m - ring of willpower

@: no status effects
A: sickness immunity, AC +4, negative energy resistance 1, electricity
resistance, torment resistance 1, petrification resistance
a: Renounce Religion


You were on level 4 of the Dungeon.
You worshipped Okawaru.
Okawaru was noncommittal.
You visited 1 branch of the dungeon, and saw 4 of its levels.

You collected 113 gold pieces.

Inventory:

Hand Weapons
 a - a +1 war axe
 j - the +7 broad axe "Padol" (weapon) {freeze, rN++ Stlth+}
   (You acquired it on level 2 of the Dungeon)

   It freezes those it strikes, dealing additional cold damage.
   It can also slow down cold-blooded creatures.
   rN:        It greatly protects you from negative energy.
   Stlth:     It makes you more stealthy.
Armour
 c - a +0 buckler (worn)
 k - a +0 helmet (worn)
 n - a +0 chain mail (worn)
Jewellery
 f - a ring of protection from fire (left hand)
 m - a ring of willpower (right hand)
Scrolls
 e - 3 scrolls of teleportation
 l - a scroll of summoning
Potions
 b - a potion of haste {unknown}
 d - a potion of might
 g - 2 potions of ambrosia
 h - a potion of berserk rage
 i - a potion of flight


   Skills:
 + Level 4.2 Fighting
 + Level 3.7 Axes
 + Level 4.1 Armour
 + Level 3.7 Shields
 * Level 0.9 Invocations


You had 4 spell levels left.
You didn't know any spells.
Your spell library was empty.

Dungeon Overview and Level Annotations

Branches:
Dungeon (4/15)
 Temple: D:4-7

Altars:
Cheibriados
Okawaru

Shops:
D:3 =


Innate Abilities, Weirdness & Mutations

You are immune to sickness and miasma.
Your stone body is resilient. (AC +4)
You are immune to poison.
You resist negative energy. (rN+)
You are resistant to electric shocks. (rElec)
You are resistant to unholy torment.
You are immune to petrification.


Message History

You struggle against the net.
The gnoll throws a stone.
The stone hits you. The gnoll hits you but does no damage.
Unknown command.
You rip the net and break free!
The gnoll hits you but does no damage. x2
The gnoll throws a stone.
The stone closely misses you.
The gnoll throws a stone.
The stone hits you. The gnoll hits you but does no damage.
The gnoll throws a stone.
The stone barely misses you.
The gnoll throws a stone.
You block the stone.
The gnoll throws a stone.
The stone hits you but does no damage.
There is a stone staircase leading up here.
You climb upwards.
There is a stone staircase leading down here.
You start resting.
HP restored.
You climb downwards.
There is a stone staircase leading up here.
You block the gnoll's attack.
You slice the gnoll!! You freeze the gnoll.
You kill the gnoll!
Okawaru accepts your kill. The gnoll hits you but does no damage.
The gnoll hits you from afar with a +0 spear.
The gnoll hits you from afar with a +0 halberd.
The gnoll hits you but does no damage.
Things that are here:
a +0 spear; 23 stones; a gnoll corpse You slash the gnoll!
You freeze the gnoll.
The gnoll is severely wounded.
You block the gnoll's attack. x2; The gnoll hits you with a +0 spear.
The gnoll hits you from afar with a +0 spear.
The gnoll hits you from afar with a +0 halberd.
You slash the gnoll! You freeze the gnoll.
You kill the gnoll!
Okawaru accepts your kill.
The gnoll hits you from afar with a +0 spear.
The gnoll hits you from afar with a +0 halberd.
* * * LOW HITPOINT WARNING * * *
The gnoll barely misses you. The gnoll hits you with a +0 halberd!
You die...

.................
##.....##########
#.......).......
#.....#########.
#.....#....g..#
#....g#.#####g#
#####g#.# #.#
#g#g#####.#
#.#g@).<#g#
#.#######.#
#.g.gg..g.#
###########


You could see 2 gnolls.

Vanquished Creatures
  An orc priest (D:3)
  Robin (D:3)
  2 gnolls (D:4)
  5 adders
  An ufetubus (D:3)
  A worm (D:2)
  3 orcs (D:3)
  2 ball pythons
  2 endoplasms
  2 giant cockroaches
  13 goblins
  6 hobgoblins
  6 jackals (D:2)
  8 kobolds
  4 quokkas
  3 bats (D:1)
  4 frilled lizards
  5 rats
69 creatures vanquished.

Notes
Turn   | Place    | Note
-------+----------+-------------------------------------------
     0 | D:1      | bande the Gargoyle Fighter began the quest for the Orb.
     0 | D:1      | Reached XP level 1. HP: 14/14 MP: 1/1
   128 | D:1      | Reached XP level 2. HP: 19/19 MP: 2/2
   829 | D:1      | Found a faded altar of an unknown god.
   960 | D:2      | Reached XP level 3. HP: 12/24 MP: 3/3
  1207 | D:2      | Identified a scroll of acquirement
  1207 | D:2      | Acquired the +7 broad axe "Padol" {freeze, rN++ Stlth+}
  1360 | D:2      | Reached XP level 4. HP: 29/29 MP: 4/4
  2028 | D:3      | Reached XP level 5. HP: 33/33 MP: 5/5
  2142 | D:3      | Found an iron altar of Okawaru.
  2157 | D:3      | Became a worshipper of Warmaster Okawaru
  2220 | D:3      | Found Doxtotan's Jewellery Shop.
  2363 | D:3      | Noticed Robin
  2379 | D:3      | Killed Robin
  2582 | D:3      | Found a snail-covered altar of Cheibriados.
  3142 | D:4      | Slain by a gnoll

Illustrated notes

Levels and vault maps discovered:
D:1:      dpeg_arrival_ternary, layout_loops_cross,
          ebering_ecumenical_altar_mist, minmay_pentomino_w4
D:2:      layout_basic
D:3:      layout_loops_corners, mainiacjoe_overflow_concentric_impassable,
          okawaru_trees_1, serial_shops, nicolae_shop_waterfront,
          minmay_misc_feat_tiny, uniq_robin
D:4:      layout_basic, makhleb_altar_promises_db,
          mainiacjoe_overflow_boulevard, trog_ov_bears_minmay,
          grunt_temple_overflow_open, uniq_grinder, uniq_ijyb, uniq_duvessa

Skill      XL: |  1  2  3  4 |
---------------+-------------+-----
Axes           | 2 3 |  3.7
Fighting       | 4 |  4.2
Armour         | 4 |  4.1
Shields        | |  3.7
Invocations    | |  0.9

Action                   |  1- 3 |  4- 6 || total
-------------------------+-------+-------++-------
Melee: War axe           |    50 |       ||    50
       Broad axe         |    15 |    68 ||    83
  Use: Scroll            |     5 |     6 ||    11
Armor: Scale mail        |    26 |    14 ||    40
       Chain mail        |       |    48 ||    48
Dodge: Dodged            |    26 |    39 ||    65
Block: Buckler           |    16 |    23 ||    39

Table legend: (Time is in decaauts)
 A = Elapsed time spent in this place.
 B = Non-inter-level travel time spent in this place.
 C = Inter-level travel time spent in this place.
 D = Time resting spent in this place.
 E = Time spent auto-exploring this place.
 F = Levels seen in this place.
 G = Mean time per level.
                   A        B        C        D        E       F      G
               +--------+--------+--------+--------+--------+-----+--------+
         Total |   3199 |   3184 |     15 |    360 |   2240 |   4 |  799.8 |
       Dungeon |   3199 |   3184 |     15 |    360 |   2240 |   4 |  799.8 |
               +--------+--------+--------+--------+--------+-----+--------+

Top non-repeatable levels by time:
     D:3: 1128 daAuts
     D:2: 1005 daAuts
     D:1: 965 daAuts
     D:4: 101 daAuts
